 Dungeon Crawl Stone Soup version 0.29-a0-973-gac7da5f7f0 (webtiles) character file.

Game seed: 12438325075160209753

2566 greasedhog the Geomancer (level 9, 0/45 HPs)
             Began as a Gargoyle Earth Elementalist on July 31, 2022.
             Killed by divine providence
             ... invoked by an orc priest
              (11 damage)
             ... on level 7 of the Dungeon.
             The game lasted 00:12:45 (6710 turns).

greasedhog the Geomancer (GrEE)                     Turns: 6710, Time: 00:12:46

Health: 0/45       AC: 11    Str: 12    XL:     9   Next: 57%
Magic:  27/30      EV: 12    Int: 15    God:
Gold:   211        SH:  0    Dex: 14    Spells: 16/24 levels left

rFire   . . .      SeeInvis .   B - +5 arbalest of the Past {freeze, rCorr Int-5 Dex+4}
rCold   . . .      Faith    .   (shield currently unavailable)
rNeg    + . .      Spirit   .   a - +0 robe
rPois   ∞          Reflect  .   x - +0 helmet
rElec   +          Harm     .   (no cloak)
rCorr   +          Rampage  .   (no gloves)
Will    .....                   q - +1 pair of boots
Stlth   +++.......              (no amulet)
HPRegen 0.15/turn               r - ring of magical power
MPRegen 0.22/turn               (no ring)

@: no status effects
A: sickness immunity, AC +6, negative energy resistance 1, electricity
resistance, torment resistance 1, petrification resistance
a: no special abilities


You were on level 7 of the Dungeon.
You visited 1 branch of the dungeon, and saw 7 of its levels.

You collected 351 gold pieces.
You spent 140 gold pieces at shops.

Inventory:

Hand Weapons
 k - a +0 short sword of holy wrath
 B - the +5 arbalest of the Past (weapon) {freeze, rCorr Int-5 Dex+4}
   (You took it off a wight on level 6 of the Dungeon)

   Any ammunition fired from it freezes those it strikes, dealing additional
   cold damage.
   It can also slow down cold-blooded creatures.
   Int:       It affects your intelligence (-5).
   Dex:       It affects your dexterity (+4).
   rCorr:     It protects you from acid and corrosion.
Missiles
 g - 4 silver javelins
Armour
 a - a +0 robe (worn)
 q - a +1 pair of boots (worn)
 x - a +0 helmet (worn)
Jewellery
 r - a ring of magical power (left hand)
Wands
 n - a wand of flame (52)
 s - a wand of roots (7)
Scrolls
 c - a scroll of silence
 h - 2 scrolls of enchant weapon
 i - 3 scrolls of fog
 l - a scroll of fear
 p - 3 scrolls of poison {unknown}
 t - 2 scrolls of brand weapon {unknown}
 w - 4 scrolls of identify
 y - a scroll of amnesia {unknown}
 A - a scroll of noise {unknown}
Potions
 b - 2 potions of magic
 d - a potion of attraction {unknown}
 e - 2 potions of mutation {unknown}
 f - 2 potions of flight
 j - 3 potions of curing
 m - 3 potions of might {unknown}
 o - a potion of haste {unknown}
 u - 2 potions of brilliance
 v - a potion of heal wounds
 z - a potion of cancellation {unknown}


   Skills:
 - Level 1.5 Dodging
 - Level 5.1 Stealth
 * Level 8.1 Spellcasting
 - Level 0.7 Transmutations
 * Level 10.8 Earth Magic


You had 16 spell levels left.
You knew the following spells:

 Your Spells              Type           Power      Damage    Failure   Level
a - Sandblast             Erth           76%        2d16      1%          1
b - Stone Arrow           Conj/Erth      44%        3d9       3%          3
c - Petrify               Tmut/Erth      23%        N/A       11%         4

Your spell library contained the following spells:

 Spells                   Type           Power      Damage    Failure   Level
 Passwall                 Tmut/Erth      19%        N/A       1%          2
 Magic Dart               Conj           24%        1d4       12%         1
 Ensorcelled Hibernation  Hex/Ice        12%        N/A       19%         2
 Searing Ray              Conj           12%        2d4       19%         2
 Swiftness                Air            6%         N/A       34%         3
 Fulminant Prism          Conj/Hex       3%         3d6       75%         4
 Freezing Cloud           Conj/Ice/Air   3%         6-21      97%         5
 Simulacrum               Ice/Necr       3%         N/A       100%        6
 Polar Vortex             Ice            3%         N/A       100%        9


Dungeon Overview and Level Annotations

Branches:
Dungeon (7/15)
 Temple: D:4-7

Altars:
Elyvilon
Fedhas
Gozag
Hepliaklqana
Qazlal
Trog
Wu Jian
Xom
Zin

Shops:
D:4 !

Annotations:
D:5 3 runed translucent doors, gdog's ghost, novice GnDe


Innate Abilities, Weirdness & Mutations

You are immune to sickness and miasma.
Your stone body is resilient. (AC +6)
You are immune to poison.
You resist negative energy. (rN+)
You are resistant to electric shocks. (rElec)
You are resistant to unholy torment.
You are immune to petrification.


Message History

Aiming: Sandblast (safe; 1% risk of failure)
Press: ? - help, Shift-Dir - straight line, f - orc warrior
Aim: an orc warrior, wielding a +1 vorpal dire flail, wearing a +0 plate armour and quivering boomerangs (84% to hit)
The blast of sand misses the orc warrior.
Unknown command.
Casting: Sandblast (safe; 1% risk of failure)
Confirm with . or Enter, or press ? or * to list all spells.
Aiming: Sandblast (safe; 1% risk of failure)
Press: ? - help, Shift-Dir - straight line, f/p - orc warrior
Aim: an orc warrior, wielding a +1 vorpal dire flail, wearing a +0 plate armour and quivering boomerangs (84% to hit)
The blast of sand hits the orc warrior!!
The orc warrior is severely wounded.
The orc priest looks encouraged for a moment.
Casting: Sandblast (safe; 1% risk of failure)
Confirm with . or Enter, or press ? or * to list all spells.
Aiming: Sandblast (safe; 1% risk of failure)
Press: ? - help, Shift-Dir - straight line, f/p - orc warrior
Aim: an orc warrior, wielding a +1 vorpal dire flail, wearing a +0 plate armour and quivering boomerangs (severely wounded, 84% to hit)
The blast of sand hits the orc warrior.
The orc warrior is severely wounded.
The orc warrior hits you with a +1 vorpal dire flail.
The orc priest calls upon Beogh to heal the orc warrior.
The orc warrior is healed somewhat.
Casting: Sandblast (safe; 1% risk of failure)
Confirm with . or Enter, or press ? or * to list all spells.
Aiming: Sandblast (safe; 1% risk of failure)
Press: ? - help, Shift-Dir - straight line, f/p - orc warrior
Aim: an orc warrior, wielding a +1 vorpal dire flail, wearing a +0 plate armour and quivering boomerangs (heavily wounded, 84% to hit)
The blast of sand hits the orc warrior but does no damage.
The orc warrior is heavily wounded.
The orc warrior hits you with a +1 vorpal dire flail!
The orc priest calls down the wrath of Beogh upon you.
You struggle to resist.
The orc warrior hits you with a +1 vorpal dire flail!
* * * LOW HITPOINT WARNING * * *
x2 The orc priest attacks as you move away!
The orc priest barely misses you.
The orc priest mumbles some strange prayers to Beogh against you.
Beogh smites you!
You die...

########.#
#........#
#.########
#.# #.#
#.# #.#
#.# #@#
#o#
..>).oo.#
#.#######


You could see an orc warrior and an orc priest.

Vanquished Creatures
  2 trolls (D:6)
  A water moccasin (D:5)
  An ice beast (D:4)
  3 ogres
  A centaur (D:6)
  2 bullfrogs (D:6)
  A necrophage (D:5)
  4 scorpions
  4 wights (D:6)
  A howler monkey (D:6)
  4 crimson imps (D:3)
  A jelly (D:5)
  5 hounds
  3 orc priests
  3 iguanas
  Terence (D:2)
  Natasha (thrice) (D:3)
  4 orc wizards
  Robin (D:3)
  8 adders
  4 gnolls (D:4)
  2 worms
  2 dart slugs
  27 orcs
  3 bats
  6 endoplasms
  4 giant cockroaches
  16 goblins
  5 hobgoblins
  2 quokkas
  4 ball pythons
  A frilled lizard (D:2)
  5 kobolds
  14 rats
148 creatures vanquished.

Vanquished Creatures (collateral kills)
  An iguana (D:4)
  A goblin (D:4)
  A hobgoblin (D:4)
3 creatures vanquished.

Grand Total: 151 creatures vanquished

Notes
Turn   | Place    | Note
-------+----------+-------------------------------------------
     0 | D:1      | greasedhog the Gargoyle Earth Elementalist began the quest
                  | for the Orb.
     0 | D:1      | Reached XP level 1. HP: 10/10 MP: 3/3
   263 | D:1      | Reached XP level 2. HP: 15/15 MP: 0/5
   454 | D:1      | Found a faded altar of an unknown god.
   534 | D:1      | Reached skill level 4 in Earth Magic
   695 | D:1      | Reached XP level 3. HP: 19/19 MP: 4/6
   985 | D:2      | Learned a level 3 spell: Stone Arrow
  1541 | D:2      | Reached XP level 4. HP: 24/24 MP: 4/8
  1640 | D:2      | Noticed Terence
  1644 | D:2      | Killed Terence
  2291 | D:3      | Reached XP level 5. HP: 23/28 MP: 5/9
  2511 | D:3      | Noticed Robin
  2533 | D:4      | Reached skill level 5 in Earth Magic
  2569 | D:4      | Reached XP level 6. HP: 19/32 MP: 10/11
  2932 | D:4      | Found an ornate altar of the Wu Jian Council.
  2976 | D:4      | Reached skill level 5 in Stealth
  3044 | D:4      | Found Faqonef's Distillery.
  3050 | D:4      | Reached skill level 6 in Earth Magic
  3050 | D:4      | Reached XP level 7. HP: 34/36 MP: 13/13
  3055 | D:4      | Learned a level 4 spell: Petrify
  3078 | D:4      | Bought a potion of brilliance for 56 gold pieces
  3078 | D:4      | Bought a potion of flight for 42 gold pieces
  3078 | D:4      | Bought a potion of curing for 42 gold pieces
  3283 | D:5      | Entered Level 5 of the Dungeon
  3575 | D:3      | Noticed a moth of wrath
  3578 | D:3      | Found a bloodstained altar of Trog.
  3578 | D:3      | Noticed Natasha
  3711 | D:3      | Killed Natasha
  3891 | D:3      | Killed Robin
  3901 | D:3      | Reached skill level 7 in Earth Magic
  4118 | D:3      | Found a shimmering altar of Xom.
  4121 | D:3      | Noticed Natasha
  4123 | D:3      | Reached skill level 5 in Spellcasting
  4125 | D:3      | Killed Natasha
  4166 | D:3      | Noticed Natasha
  4171 | D:3      | Killed Natasha
  4571 | D:3      | Reached XP level 8. HP: 41/41 MP: 16/16
  4668 | D:5      | Reached skill level 8 in Earth Magic
  4738 | D:5      | Found a runed translucent gate.
  4738 | D:5      | Found a runed translucent gate.
  4738 | D:5      | Found a runed translucent gate.
  4839 | D:5      | Noticed gdog's ghost (novice GnDe)
  5094 | D:5      | Reached skill level 9 in Earth Magic
  5193 | D:5      | Found a stormy altar of Qazlal.
  5376 | D:5      | Found a white marble altar of Elyvilon.
  5376 | D:5      | Found a blossoming altar of Fedhas.
  5377 | D:5      | Found a glowing silver altar of Zin.
  5378 | D:5      | Found an opulent altar of Gozag.
  5379 | D:5      | Found a hazy altar of Hepliaklqana.
  5713 | D:6      | Reached XP level 9. HP: 45/45 MP: 19/19
  5751 | D:6      | Noticed a troll
  5755 | D:6      | Killed a troll
  5756 | D:6      | Reached skill level 10 in Earth Magic
  5951 | D:6      | Identified the +5 arbalest of the Past {freeze, rCorr Int-5
                  | Dex+4}
  6088 | D:6      | Noticed a troll
  6092 | D:6      | Killed a troll
  6710 | D:7      | Killed from afar by an orc priest

Illustrated notes

Levels and vault maps discovered:
D:1:      lightli_arrival_chessboard, layout_basic,
          hellmonk_ecumenical_altar_defaced_shrine
D:2:      layout_loops_ring, grunt_decor_one_mirror, chequers_hall_statues_y,
          uniq_terence
D:3:      layout_basic, tgw_trog, led_xom_imps, lemuel_old_faithful,
          uniq_natasha, uniq_robin
D:4:      layout_rooms, nicolae_wu_jian_wuxing_cycle, serial_shops, shop,
          minmay_bent
D:5:      layout_cave_pools, minitemple, gammafunk_ghost_icy
D:6:      layout_basic
D:7:      layout_basic, okawaru_metal_pillars_1_2, minmay_temple_entry_wispy,
          uniq_menkaure

Skill      XL: |  1  2  3  4  5  6  7  8  9 |
---------------+----------------------------+-----
Earth Magic    | 4 5 6 7 9 10 | 10.8
Stealth        | 3 4 5 |  5.1
Spellcasting   | 3 4 5 7 8 |  8.1
Dodging        | |  1.5
Transmutations | |  0.7

Action                   |  1- 3 |  4- 6 |  7- 9 || total
-------------------------+-------+-------+-------++-------
Melee: Unarmed           |     5 |       |       ||     5
       Punch             |     1 |       |       ||     1
 Fire: Arbalest          |       |       |    14 ||    14
 Cast: Sandblast         |    50 |    73 |   129 ||   252
  Use: Scroll            |     4 |     3 |     1 ||     8
       Potion            |       |     2 |       ||     2
Armor: Robe              |    14 |    35 |    50 ||    99
Dodge: Dodged            |    15 |    61 |    53 ||   129

Table legend: (Time is in decaauts)
 A = Elapsed time spent in this place.
 B = Non-inter-level travel time spent in this place.
 C = Inter-level travel time spent in this place.
 D = Time resting spent in this place.
 E = Time spent auto-exploring this place.
 F = Levels seen in this place.
 G = Mean time per level.
                   A        B        C        D        E       F      G
               +--------+--------+--------+--------+--------+-----+--------+
         Total |   6986 |   6774 |    212 |    795 |   4881 |   7 |  998.0 |
       Dungeon |   6986 |   6774 |    212 |    795 |   4881 |   7 |  998.0 |
               +--------+--------+--------+--------+--------+-----+--------+

Top non-repeatable levels by time:
     D:3: 1485 daAuts
     D:2: 1231 daAuts
     D:5: 1104 daAuts
     D:4: 1096 daAuts
     D:6: 1028 daAuts
     D:1: 974 daAuts
     D:7: 64 daAuts
